 Dungeon Crawl Stone Soup version 0.29-a0-352-g0917bc69df (webtiles) character file.

Game seed: 15250840327288733714

559 Shayle the Sneak (level 7, -1/63 HPs)
             Began as a Tengu Brigand on Apr 23, 2022.
             Slain by a hornet (8 damage)
             ... on level 5 of the Dungeon.
             The game lasted 00:10:58 (4301 turns).

Shayle the Sneak (Tengu Brigand)                    Turns: 4301, Time: 00:10:58

Health: -1/63      AC: 23    Str: 11    XL:     7   Next: 31%
Magic:  11/11      EV:  2    Int: 14    God:
Gold:   134        SH:  0    Dex: 15    Spells: 10/10 levels left

rFire   . . .      SeeInvis .   a - +2 dagger
rCold   . . .      Faith    .   (no shield)
rNeg    . . .      Spirit   .   (body armour currently unavailable)
rPois   +          Reflect  .   (helmet currently unavailable)
rElec   .          Harm     .   (cloak currently unavailable)
rCorr   .          Rampage  .   (gloves currently unavailable)
Will    .....      NoTele   +   (boots unavailable)
Stlth   +++.......              (no amulet)
HPRegen 0.20/turn               (no ring)
MPRegen 0.12/turn               (no ring)

@: tree-form, slowed, very slow
A: stationary, stasis, torment immunity, boosted hp, (beak), (talons 3), nimble
flight
a: no special abilities


You were on level 5 of the Dungeon.
You were a tree.
You visited 1 branch of the dungeon, and saw 5 of its levels.

You collected 134 gold pieces.

Inventory:

Hand Weapons
 a - a +2 dagger (weapon)
Missiles
 d - 7 poisoned darts (quivered)
Armour
 b - a +0 robe
 c - a +0 cloak (melded)
 m - a +0 ring mail
 o - a +0 pair of gloves (melded)
 v - the +1 ring mail of Rozed (melded) {Rampage rPois rN+ Will-}
   (You found it on level 4 of the Dungeon)

   rPois:     It protects you from poison.
   rN:        It protects you from negative energy.
   Rampage:   It bestows one free step when moving towards enemies.
   Will:      It decreases your willpower.
Scrolls
 h - 4 scrolls of fear
 j - a scroll of immolation
 l - a scroll of teleportation
 p - a scroll of magic mapping {unknown}
 q - a scroll of summoning {unknown}
 r - 2 scrolls of amnesia {unknown}
 s - a scroll of enchant armour {unknown}
 u - 4 scrolls of identify
 w - a scroll of silence {unknown}
 x - 2 scrolls of brand weapon {unknown}
Potions
 f - 4 potions of flight
 g - 3 potions of might {unknown}
 i - a potion of lignification
 n - a potion of resistance {unknown}


   Skills:
 + Level 3.9 Fighting
 - Level 2.1 Short Blades
 - Level 2.0 Throwing
 + Level 3.6 Dodging
 + Level 5.4 Stealth
 + Level 2.2 Spellcasting
 + Level 3.2 Conjurations
 + Level 1.7 Earth Magic


You had 10 spell levels left.
You didn't know any spells.
Your spell library contained the following spells:

 Spells                   Type           Power      Damage    Failure   Level
 Gell's Gravitas          Tloc           1%         N/A       56%         3
 Teleport Other           Tloc           1%         N/A       56%         3
 Iskenderun's Battlesphe  Conj           10%        2d6       86%         5
 Dispersal                Tloc           0%         N/A       100%        6
 Iron Shot                Conj/Erth      4%         9d2       100%        6
 Spellforged Servitor     Conj/Summ      3%         N/A       100%        7


Dungeon Overview and Level Annotations

Branches:
Dungeon (5/15)
 Temple: D:4-7

Altars:
Fedhas


Innate Abilities, Weirdness & Mutations

You are a tree.
Your roots penetrate the ground, keeping you stationary.
You cannot be teleported.
You are immune to unholy pain and torment.
Your maximum health is greatly increased.
Your equipment is partially melded.
((You have a beak for a mouth.))
((You have claws for feet.))
Your magical nature lets you fly swiftly and evasively.


Message History

The hornet is lightly wounded.
You feel yourself speed up. The hornet stings you.
The hornet barely misses you.
You hit the hornet.
The hornet is moderately wounded.
The hornet stings you.
You hit the hornet but do no damage.
The hornet is moderately wounded.
The hornet stings you.
You feel yourself slow down.
You hit the hornet but do no damage.
The hornet is moderately wounded.
The hornet stings you.
The hornet stings you but does no damage.
You miss the hornet.
The hornet is moderately wounded.
The hornet barely misses you.
The hornet stings you but does no damage.
You barely miss the hornet.
The hornet is moderately wounded.
You feel yourself speed up.
The hornet stings you but does no damage. x2
You miss the hornet.
The hornet is lightly wounded.
The hornet stings you.
* * * LOW HITPOINT WARNING * * *
The hornet stings you but does no damage.
You hit the hornet but do no damage.
The hornet is lightly wounded.
The hornet stings you!
* * * LOW HITPOINT WARNING * * *
You feel yourself slow down.
You hit the hornet.
The hornet is moderately wounded.
The hornet stings you.
* * * LOW HITPOINT WARNING * * *
The hornet stings you but does no damage.
You barely miss the hornet.
The hornet is moderately wounded.
The hornet stings you!
You die...

####### ######## .......
..........#######.......
................♣y.(.....
#..........##.........(..
.. #..
#..........##.####.....).
..##..
#..........##.########...
......
#.......#..........# ..
......#
##.......#..........# .
.......
....................+
.......
.>.......#..........#
.......
.....[...#......##### #


You could see a hornet.

Vanquished Creatures
  A vampire mosquito (D:5)
  A water moccasin (D:5)
  A necrophage (D:4)
  A hound (D:5)
  A jelly (D:5)
  An orc priest (D:5)
  Jessica (D:3)
  An iguana (D:3)
  Robin (D:2)
  3 adders
  2 shadow imps
  An ufetubus (D:4)
  A dart slug (D:5)
  5 orcs (D:5)
  4 bats
  6 endoplasms
  2 giant cockroaches
  10 goblins
  4 hobgoblins
  3 jackals (D:1)
  8 ball pythons
  5 frilled lizards
  6 kobolds
  3 rats (D:1)
72 creatures vanquished.

Vanquished Creatures (others)
  4 toadstools (D:1)
4 creatures vanquished.

Grand Total: 76 creatures vanquished

Notes
Turn   | Place    | Note
-------+----------+-------------------------------------------
     0 | D:1      | Shayle the Tengu Brigand began the quest for the Orb.
     0 | D:1      | Reached XP level 1. HP: 12/12 MP: 2/2
   153 | D:1      | Reached XP level 2. HP: 14/17 MP: 3/3
   574 | D:1      | Upgraded the game from 0.29-a0-350-g7790a0e70a to
                  | 0.29-a0-352-g0917bc69df
   588 | D:1      | Reached XP level 3. HP: 22/22 MP: 4/4
  1332 | D:2      | Noticed Robin
  1489 | D:3      | Noticed Jessica
  1492 | D:3      | Killed Jessica
  1493 | D:3      | Reached XP level 4. HP: 12/27 MP: 5/5
  1783 | D:3      | Reached skill level 1 in Conjurations
  2111 | D:3      | Reached skill level 1 in Spellcasting
  2187 | D:4      | Noticed a necrophage
  2337 | D:3      | Gained mutation: Your magical nature lets you fly swiftly
                  | and evasively. [Tengu growth]
  2337 | D:3      | Reached XP level 5. HP: 32/32 MP: 7/7
  2418 | D:2      | Killed Robin
  2916 | D:4      | Identified the +1 ring mail of Rozed {Rampage rPois rN+
                  | Will-}
  3170 | D:4      | Found a blossoming altar of Fedhas.
  3307 | D:4      | Reached skill level 1 in Earth Magic
  3569 | D:5      | Entered Level 5 of the Dungeon
  3608 | D:5      | Reached XP level 6. HP: 37/37 MP: 9/9
  3621 | D:5      | Noticed a vampire mosquito
  3621 | D:5      | Noticed a hornet
  3917 | D:5      | Reached skill level 5 in Stealth
  4041 | D:5      | Noticed a water moccasin
  4063 | D:5      | Killed a water moccasin
  4064 | D:5      | Reached XP level 7. HP: 23/42 MP: 9/11
  4273 | D:5      | HP: 2/42 [vampire mosquito (6)]
  4276 | D:5      | Killed a vampire mosquito
  4281 | D:5      | Paralysed by a hornet for 2 turns
  4284 | D:5      | HP: 1/42 [hornet (13)]
  4301 | D:5      | Slain by a hornet

Illustrated notes

Levels and vault maps discovered:
D:1:      ldierk_water_garden, layout_loops_ring, corexii_hall_statues_u
D:2:      layout_basic, uniq_robin
D:3:      layout_rooms, serial_bayou_pond_c, uniq_jessica
D:4:      layout_loops_ring, kennysheep_mini, serial_forest,
          infiniplex_forest_straight_3, infiniplex_forest_lined_room_,
          infiniplex_forest_lined_2, infiniplex_forest_clump_medium,
          infiniplex_forest_clump_long, infiniplex_forest_lined_2
D:5:      kennysheep_big_flooded_room, layout_basic, lemuel_temple_firewalk_a,
          uniq_duvessa

Skill      XL: |  1  2  3  4  5  6  7 |
---------------+----------------------+-----
Dodging        | 2 3 |  3.6
Conjurations   | 1 2 3 |  3.2
Fighting       | 3 |  3.9
Spellcasting   | 1 2 |  2.2
Earth Magic    | 1 |  1.7
Stealth        | 5 |  5.4
Short Blades   | |  2.1
Throwing       | |  2.0

Action                   |  1- 3 |  4- 6 |  7- 9 || total
-------------------------+-------+-------+-------++-------
Melee: Dagger            |    52 |    96 |    30 ||   178
       Peck              |     6 |    15 |     5 ||    26
       Kick              |     9 |    17 |     7 ||    33
       Unarmed           |       |    17 |       ||    17
Throw: Dart              |    12 |     1 |     3 ||    16
  Use: Scroll            |     4 |     2 |       ||     6
       Potion            |       |     5 |     5 ||    10
 Stab: Sleeping          |     8 |     5 |       ||    13
       Invisible         |       |     1 |       ||     1
Armor: Robe              |     9 |       |       ||     9
       Ring mail         |     6 |    38 |    11 ||    55
       Skin              |       |    42 |    12 ||    54
Dodge: Dodged            |    30 |    63 |    13 ||   106

Table legend: (Time is in decaauts)
 A = Elapsed time spent in this place.
 B = Non-inter-level travel time spent in this place.
 C = Inter-level travel time spent in this place.
 D = Time resting spent in this place.
 E = Time spent auto-exploring this place.
 F = Levels seen in this place.
 G = Mean time per level.
                   A        B        C        D        E       F      G
               +--------+--------+--------+--------+--------+-----+--------+
         Total |   4188 |   3956 |    232 |    630 |   2454 |   5 |  837.6 |
       Dungeon |   4188 |   3956 |    232 |    630 |   2454 |   5 |  837.6 |
               +--------+--------+--------+--------+--------+-----+--------+

Top non-repeatable levels by time:
     D:2: 1026 daAuts
     D:3: 852 daAuts
     D:1: 834 daAuts
     D:4: 764 daAuts
     D:5: 712 daAuts
